 Dungeon Crawl Stone Soup version 0.27-a0-54-g64bdb92e38 (webtiles) character file.

Game seed: 1909143926717702239

80 kae the Ruffian (level 4, -4/34 HPs)
             Began as a Demonspawn Gladiator on Jan 7, 2021.
             Slain by an orc warrior
             ... wielding a +0 hand axe
              (9 damage)
             ... on level 2 of the Dungeon.
             The game lasted 00:01:45 (2806 turns).

kae the Ruffian (Demonspawn Gladiator)              Turns: 2806, Time: 00:01:45

Health: -4/34      AC: 10    Str: 15    XL:     4   Next: 18%
Magic:  4/4        EV: 13    Int: 10    God:
Gold:   104        SH:  0    Dex: 14    Spells: 3/3 levels left

rFire    . . .     SeeInvis .     - Unarmed
rCold    . . .     Faith    .   (no shield)
rNeg     . . .     Spirit   .   a - +0 leather armour
rPois    .         Reflect  .   b - +0 helmet
rElec    .         Harm     .   (no cloak)
rCorr    .         Rampage  .   (no gloves)
Will     .....                  (no boots)
Stlth    +.........             (no amulet)
HPRegen  0.11/turn              (no ring)
MPRegen  0.09/turn              (no ring)

@: sanguine armour
A: sanguine armour 1
a: no special abilities


You were on level 2 of the Dungeon.
You visited 1 branch of the dungeon, and saw 2 of its levels.

You collected 104 gold pieces.

Inventory:

Missiles
 c - 3 throwing nets (quivered)
Armour
 a - a +0 leather armour (worn)
 b - a +0 helmet (worn)
Jewellery
 l - an uncursed amulet of magic regeneration {unknown}
Wands
 j - a wand of flame (18)
Scrolls
 d - a scroll of blinking {unknown}
 e - 5 scrolls of identify {unknown}
 h - a scroll of enchant armour {unknown}
 i - a scroll of teleportation {unknown}
 m - a scroll of remove curse {unknown}
Potions
 f - a potion of brilliance
 g - a potion of heal wounds


   Skills:
 + Level 2.9 Fighting
 - Level 1.7 Throwing
 + Level 2.9 Dodging
 * Level 3.9 Unarmed Combat


You had 3 spell levels left.
You didn't know any spells.
Your spell library was empty.

Dungeon Overview and Level Annotations

Branches:
Dungeon (2/15)

Altars:
Elyvilon
Gozag
Hepliaklqana


Innate Abilities, Weirdness & Mutations

When seriously injured, your bleeding wounds create armour. (AC +6)


Message History

You hit the orc warrior.
The orc warrior is severely wounded.
The orc warrior hits you with a +0 hand axe.
You hit the orc warrior but do no damage.
The orc warrior is severely wounded.
The orc warrior hits you with a +0 hand axe!
Your blood congeals into armour.
You closely miss the orc warrior.
The orc warrior is severely wounded.
The orc warrior barely misses you.
You hit the orc warrior but do no damage.
The orc warrior is severely wounded.
You hit the orc warrior but do no damage.
The orc warrior is severely wounded.
The orc warrior hits you with a +0 hand axe.
* * * LOW HITPOINT WARNING * * *
You closely miss the orc warrior.
The orc warrior is severely wounded.
The orc warrior hits you with a +0 hand axe!
You die...

#)# #......# #.#
######.# #†# #.# #.#
#.#
#.#################.#
#................##.#
#.########...###.##.#
#.#######.....##.##.#
#...@oooo.....#.#<#.#
#########.....)###...
##....## ##.#
#.#.#.###.o#
.........w...
#.#.#.##..#..o
#.#..#.#..#..< # #.#
#...#### ##>#....#


You could see an orc warrior and 3 orcs.

Vanquished Creatures
  2 adders (D:2)
  An ooze (D:1)
  3 dart slugs
  3 worms (D:2)
  A leopard gecko (D:2)
  2 giant cockroaches (D:2)
  7 goblins
  3 hobgoblins
  3 jackals (D:2)
  A quokka (D:2)
  A ball python (D:1)
  4 bats
  2 frilled lizards (D:1)
  4 kobolds
  5 rats
42 creatures vanquished.

Notes
Turn   | Place    | Note
-------+----------+-------------------------------------------
     0 | D:1      | kae the Demonspawn Gladiator began the quest for the Orb.
     0 | D:1      | Reached XP level 1. HP: 16/16 MP: 1/1
   120 | D:1      | Reached skill level 3 in Unarmed Combat
   123 | D:1      | Gained mutation: When seriously injured, your bleeding
                  | wounds create armour. (AC +6) [demonic ancestry]
   123 | D:1      | Reached XP level 2. HP: 9/22 MP: 2/2
   729 | D:1      | Reached XP level 3. HP: 22/28 MP: 3/3
  1301 | D:2      | Found a white marble altar of Elyvilon.
  1301 | D:2      | Found a hazy altar of Hepliaklqana.
  1686 | D:2      | Noticed an orc warrior
  1849 | D:2      | Found an opulent altar of Gozag.
  1849 | D:2      | Noticed an ogre
  2226 | D:2      | Reached XP level 4. HP: 22/34 MP: 4/4
  2806 | D:2      | Slain by an orc warrior

Illustrated notes

Levels and vault maps discovered:
D:1:      amcnicky_arrival_underground_garden, layout_rooms
D:2:      layout_loops_ring, grunt_temple_overflow_open,
          nicolae_gozag_cash_rules_everything_around_me

Skill      XL: |  1 |
---------------+----+-----
Unarmed Combat | 3 |  3.9
Fighting       | |  2.9
Throwing       | |  1.7
Dodging        | |  2.9

Action                   |  1- 3 |  4- 6 || total
-------------------------+-------+-------++-------
Melee: Unarmed           |   152 |    39 ||   191
       Punch             |     6 |     1 ||     7
Evoke: Wand              |       |     3 ||     3
  Use: Potion            |     4 |       ||     4
Armor: Leather armour    |    33 |     5 ||    38
Dodge: Dodged            |    81 |    14 ||    95

Table legend: (Time is in decaauts)
 A = Elapsed time spent in this place.
 B = Non-inter-level travel time spent in this place.
 C = Inter-level travel time spent in this place.
 D = Time resting spent in this place.
 E = Time spent auto-exploring this place.
 F = Levels seen in this place.
 G = Mean time per level.
                   A        B        C        D        E       F      G
               +--------+--------+--------+--------+--------+-----+--------+
         Total |   2784 |   2700 |     84 |    277 |   2008 |   2 | 1392.0 |
       Dungeon |   2784 |   2700 |     84 |    277 |   2008 |   2 | 1392.0 |
               +--------+--------+--------+--------+--------+-----+--------+

Top non-repeatable levels by time:
     D:2: 1643 daAuts
     D:1: 1141 daAuts
